BLB
CALIFORNIA KODIAKS @ WINDY CITY BLUES
08/26/2059
 
TOP OF THE 1ST
California Kodiaks batting - Pitching for Windy City Blues : RHP Richard Kramer
Pitching: RHP Richard Kramer
Batting: RHB Hayden Cornett 0-0: Called Strike
0-1: Ball
1-1: Ball
2-1: Ball
3-1: Base on Balls
Batting: LHB Stephen Caskey 0-0: Called Strike
0-1: Ball
1-1: Ball
2-1: 2-RUN HOME RUN (Flyball, 9LD, EV 96.9 MPH), Distance : 350 ft
Batting: RHB Stan Sikes 0-0: Called Strike
0-1: Foul Ball, location: 2F
0-2: Strikes out swinging
Batting: RHB Spencer Stephens 0-0: Ball
1-0: Called Strike
1-1: SINGLE (Groundball, 4MD, EV 105.0 MPH)
Batting: RHB Kelvin Young 0-0: Ball
1-0: Ball
2-0: Foul Ball, location: 2F
2-1: Called Strike
Spencer Stephens steals 2nd base
2-2: Ground out 5-3 (Groundball, 56, EV 86.2 MPH)
Batting: RHB Frank Memmi 0-0: Swinging Strike
0-1: Swinging Strike
0-2: Ball
1-2: Foul Ball, location: 2F
1-2: Foul Ball, location: 2F
1-2: Foul Ball, location: 2F
1-2: Strikes out swinging
Top of the 1st over - 2 runs, 2 hits, 0 errors, 1 left on base; California 2 - Windy City 0
BOTTOM OF THE 1ST
Windy City Blues batting - Pitching for California Kodiaks : RHP Chase Lowe
Pitching: RHP Chase Lowe
Batting: RHB Ty Dec 0-0: SINGLE (Line Drive, 56, EV 98.8 MPH)
Batting: RHB Dulani Cherry 0-0: Called Strike
0-1: Swinging Strike
0-2: SINGLE (Line Drive, 8RS, EV 96.9 MPH)
Ty Dec to second
Batting: RHB Ezekiel Wolfson 0-0: Foul Ball, location: 2F
0-1: Ball
1-1: Foul Ball, location: 2F
1-2: Ball
2-2: Fielders Choice at 2nd, 2-4 (Groundball, 2L, EV 65.6 MPH)
Ty Dec to third
Batting: LHB Idris Wnuk 0-0: Called Strike
0-1: Ball
1-1: Ball
Ezekiel Wolfson steals 2nd base
2-1: Foul Ball, location: 2F
2-2: Ball
3-2: DOUBLE (Line Drive, 7LM, EV 106.9 MPH)
Ty Dec scores
Ezekiel Wolfson scores
Batting: SHB Steven Hall 0-0: Ball
1-0: Ground out 6-3 (Groundball, 6, EV 100.0 MPH)
Batting: RHB Conner Hawkins 0-0: Foul Ball, location: 2F
0-1: Swinging Strike
0-2: DOUBLE (Line Drive, 78D, EV 105.0 MPH)
Idris Wnuk scores
Batting: RHB Adrien Jimenez 0-0: Called Strike
0-1: Fly out, F8 (Line Drive, 8LD, EV 108.8 MPH)
Bottom of the 1st over - 3 runs, 4 hits, 0 errors, 1 left on base; California 2 - Windy City 3
TOP OF THE 2ND
California Kodiaks batting - Pitching for Windy City Blues : RHP Richard Kramer
Batting: RHB Zack Simmons 0-0: Foul Ball, location: 2F
0-1: Ground out 5-3 (Groundball, 5, EV 108.1 MPH)
Batting: RHB Al Wagner 0-0: Ball
1-0: Ball
2-0: Ball
3-0: Base on Balls
Batting: RHB Caron Wilson 0-0: Ball
1-0: Ball
2-0: Ball
3-0: Called Strike
3-1: Base on Balls
Al Wagner to second
Batting: RHB Hayden Cornett 0-0: Swinging Strike
0-1: Ball
1-1: Foul Ball, location: 2F
1-2: Foul Ball, location: 2F
1-2: Fly out, F9 (Flyball, 9, EV 91.2 MPH)
Batting: LHB Stephen Caskey 0-0: Hit by Pitch
Al Wagner to third
Caron Wilson to second
Batting: RHB Stan Sikes 0-0: Foul Ball, location: 2F
0-1: Called Strike
0-2: Ball
1-2: Foul Ball, location: 2F
1-2: Ball
2-2: Foul Ball, location: 2F
2-2: SINGLE (Groundball, 34D, EV 98.8 MPH)
Al Wagner scores
Caron Wilson to third
Stephen Caskey to second
Runner from 3rd tries for Home, SAFE, throw by RF to home
Batting: RHB Spencer Stephens 0-0: Swinging Strike
Pickoff Throw to Second - Error! E1
Stephen Caskey to third
Stan Sikes to second
0-1: Foul Ball, location: 2F
0-2: Foul Ball, location: 2F
0-2: Foul Ball, location: 2F
0-2: Foul Ball, location: 2F
0-2: Foul Ball, location: 2F
0-2: Strikes out swinging
Top of the 2nd over - 2 runs, 1 hit, 1 error, 2 left on base; California 4 - Windy City 3
BOTTOM OF THE 2ND
Windy City Blues batting - Pitching for California Kodiaks : RHP Chase Lowe
Batting: RHB K.J. Avery 0-0: Foul Ball, location: 7LSF, Error on foul ball, E7
0-1: Ball
1-1: Ball
2-1: Foul Ball, location: 2F
2-2: Foul Ball, location: 2F
2-2: Foul Ball, location: 2F
2-2: Ball
3-2: Foul Ball, location: 2F
3-2: Fly out, F8 (Flyball, 8LD, EV 110.0 MPH)
Batting: RHB Brad Castro 0-0: SINGLE (Groundball, 56D, EV 106.9 MPH)
Batting: RHB Ty Dec 0-0: Ball
1-0: Swinging Strike
1-1: Grounds out, U3 (Groundball, 3L, EV 86.2 MPH)
Batting: RHB Dulani Cherry 0-0: Ball
1-0: Swinging Strike
1-1: Fly out, F9 (Line Drive, 9LM, EV 104.4 MPH)
Bottom of the 2nd over - 0 runs, 1 hit, 1 error, 1 left on base; California 4 - Windy City 3
TOP OF THE 3RD
California Kodiaks batting - Pitching for Windy City Blues : RHP Richard Kramer
Batting: RHB Kelvin Young 0-0: Ball
1-0: Ball
2-0: Called Strike
2-1: SINGLE (Groundball, 6D, EV 94.4 MPH)
Batting: RHB Frank Memmi 0-0: Called Strike
0-1: Ball
1-1: Swinging Strike
1-2: Foul Ball, location: 2F
1-2: Foul Ball, location: 2F
1-2: Foul Ball, location: 2F
1-2: Strikes out swinging
Batting: RHB Zack Simmons 0-0: Foul Ball, location: 2F
0-1: Foul Ball, location: 2F
0-2: Strikes out swinging
Batting: RHB Al Wagner 0-0: Called Strike
0-1: Foul Ball, location: 2F
0-2: Ball
1-2: Ball
2-2: Ball
3-2: Base on Balls
Kelvin Young to second
Batting: RHB Caron Wilson 0-0: Ball
1-0: Ball
2-0: Ball
3-0: Called Strike
3-1: Foul Ball, location: 2F
3-2: Strikes out swinging
Top of the 3rd over - 0 runs, 1 hit, 0 errors, 2 left on base; California 4 - Windy City 3
BOTTOM OF THE 3RD
Windy City Blues batting - Pitching for California Kodiaks : RHP Chase Lowe
Batting: RHB Ezekiel Wolfson 0-0: Called Strike
0-1: Swinging Strike
0-2: Foul Ball, location: 2F
0-2: Ball
1-2: Foul Ball, location: 2F
1-2: Ball
2-2: Foul Ball, location: 2F
2-2: Foul Ball, location: 2F
2-2: Foul Ball, location: 2F
2-2: Foul Ball, location: 2F
2-2: Strikes out swinging
Batting: LHB Idris Wnuk 0-0: Foul Ball, location: 2F
0-1: Ball
1-1: Foul Ball, location: 2F
1-2: Hit by Pitch
Batting: SHB Steven Hall 0-0: Ball
1-0: Called Strike
1-1: Foul Ball, location: 2F
1-2: Foul Ball, location: 2F
1-2: Ball
2-2: Ball
Wild Pitch!
Idris Wnuk to second
3-2: Fly out, F7 (Line Drive, 7S, EV 92.5 MPH)
Batting: RHB Conner Hawkins 0-0: Ball
1-0: Foul Ball, location: 2F
1-1: Ball
2-1: Ball
3-1: Base on Balls
Batting: RHB Adrien Jimenez 0-0: Swinging Strike
0-1: Ground out 4-3 (Groundball, 4, EV 88.1 MPH)
Bottom of the 3rd over - 0 runs, 0 hits, 0 errors, 2 left on base; California 4 - Windy City 3
TOP OF THE 4TH
California Kodiaks batting - Pitching for Windy City Blues : RHP Richard Kramer
Pitching: RHP Grant Randolph
Batting: RHB Hayden Cornett 0-0: DOUBLE (Groundball, 5L, EV 100.0 MPH)
Batting: LHB Stephen Caskey 0-0: Ball
1-0: Foul Ball, location: 2F
1-1: Ball
2-1: Called Strike
2-2: Ball
3-2: Foul Ball, location: 2F
3-2: Strikes out looking
Batting: RHB Stan Sikes 0-0: Called Strike
Hayden Cornett steals 3rd base
0-1: Ball
1-1: Foul Ball, location: 2F
1-2: Strikes out looking
Batting: RHB Spencer Stephens 0-0: Ball
1-0: Called Strike
1-1: Ball
2-1: Called Strike
2-2: Fly out, F7 (Flyball, 7, EV 94.4 MPH)
Top of the 4th over - 0 runs, 1 hit, 0 errors, 1 left on base; California 4 - Windy City 3
BOTTOM OF THE 4TH
Windy City Blues batting - Pitching for California Kodiaks : RHP Chase Lowe
Batting: RHB K.J. Avery 0-0: Called Strike
0-1: Called Strike
0-2: Ball
1-2: Ball
2-2: Ball
3-2: Foul Ball, location: 2F
3-2: Hit by Pitch
Batting: RHB Brad Castro 0-0: Fly out, F7 (Line Drive, 78D, EV 91.2 MPH)
Batting: RHB Ty Dec 0-0: Ball
K.J. Avery steals 2nd base (no throw)
1-0: Swinging Strike
1-1: Swinging Strike
1-2: Strikes out swinging
Batting: RHB Dulani Cherry 0-0: Foul Ball, location: 2F
0-1: Ball
1-1: Foul Ball, location: 2F
1-2: Ball
2-2: SINGLE (Flyball, 8LS, EV 84.4 MPH)
K.J. Avery to third
Runner from 3rd tries for Home, SAFE, throw by CF to home
Batting: RHB Ezekiel Wolfson 0-0: Ground out 4-3 (Groundball, 4, EV 97.5 MPH)
Bottom of the 4th over - 1 run, 1 hit, 0 errors, 1 left on base; California 4 - Windy City 4
TOP OF THE 5TH
California Kodiaks batting - Pitching for Windy City Blues : RHP Grant Randolph
Batting: RHB Kelvin Young 0-0: Called Strike
0-1: Called Strike
0-2: Foul Ball, location: 2F
0-2: Ball
1-2: Ball
2-2: SOLO HOME RUN (Line Drive, 78XD, EV 115.0 MPH), Distance : 438 ft
Batting: RHB Frank Memmi 0-0: Ball
1-0: Ball
2-0: Ball
3-0: Called Strike
3-1: TRIPLE (Flyball, 9LD, EV 106.2 MPH)
Batting: RHB Zack Simmons 0-0: Ball
1-0: Ground out 5-3 (Groundball, 56, EV 102.5 MPH)
Frank Memmi scores
Batting: RHB Al Wagner 0-0: Called Strike
0-1: Called Strike
0-2: Ball
1-2: Ball
2-2: Ball
3-2: Ground out 6-3 (Groundball, 56D, EV 98.1 MPH)
Batting: RHB Caron Wilson 0-0: Ball
1-0: Ball
2-0: Called Strike
2-1: Swinging Strike
2-2: Ball
3-2: Foul Ball, location: 2F
3-2: Strikes out swinging
Top of the 5th over - 2 runs, 2 hits, 0 errors, 0 left on base; California 6 - Windy City 4
BOTTOM OF THE 5TH
Windy City Blues batting - Pitching for California Kodiaks : RHP Chase Lowe
Pitching: LHP Aubrey Wheelwright
Batting: LHB Idris Wnuk 0-0: Ball
1-0: SINGLE (Groundball, 4MD, EV 95.0 MPH)
Batting: SHB Steven Hall 0-0: Foul Ball, location: 2F
0-1: Ball
1-1: Ball
2-1: Ball
3-1: Swinging Strike
3-2: Foul Ball, location: 2F
3-2: Foul Ball, location: 2F
3-2: Base on Balls
Idris Wnuk to second
Batting: RHB Conner Hawkins 0-0: 3-RUN HOME RUN (Flyball, 7LD, EV 96.9 MPH), Distance : 351 ft
Batting: RHB Adrien Jimenez 0-0: Ball
1-0: Called Strike
1-1: Ball
2-1: Called Strike
2-2: Fly out, F8 (Flyball, 8LD, EV 92.5 MPH)
Batting: RHB K.J. Avery 0-0: Called Strike
0-1: Ball
1-1: Swinging Strike
1-2: Ball
2-2: Strikes out swinging
Batting: RHB Brad Castro 0-0: Foul Ball, location: 2F
0-1: Ball
1-1: Ball
2-1: Swinging Strike
2-2: Strikes out swinging
Bottom of the 5th over - 3 runs, 2 hits, 0 errors, 0 left on base; California 6 - Windy City 7
TOP OF THE 6TH
California Kodiaks batting - Pitching for Windy City Blues : RHP Grant Randolph
Pitching: RHP Keegan Davies
Batting: RHB Hayden Cornett 0-0: Ball
1-0: Ground out 6-3 (Groundball, 6, EV 105.0 MPH)
Batting: LHB Stephen Caskey 0-0: Foul Ball, location: 2F
0-1: Ball
1-1: Ball
2-1: SINGLE (Line Drive, 8LS, EV 97.5 MPH)
Batting: RHB Stan Sikes 0-0: Called Strike
0-1: Ball
1-1: Fly out, F9 (Flyball, 9LD, EV 99.4 MPH)
Batting: RHB Spencer Stephens 0-0: Called Strike
0-1: Foul Ball, location: 2F
0-2: Ball
1-2: DOUBLE (Line Drive, 9LS, EV 92.5 MPH)
Stephen Caskey to third
Stephen Caskey scores
Batting: RHB Kelvin Young 0-0: Ball
1-0: Ball
2-0: Called Strike
2-1: Ball
3-1: DOUBLE (Flyball, 89XD, EV 115.0 MPH)
Spencer Stephens scores
Batting: RHB Frank Memmi 0-0: Called Strike
0-1: Ball
1-1: Foul Ball, location: 2F
1-2: Ball
2-2: Strikes out swinging
Top of the 6th over - 2 runs, 3 hits, 0 errors, 1 left on base; California 8 - Windy City 7
BOTTOM OF THE 6TH
Windy City Blues batting - Pitching for California Kodiaks : LHP Aubrey Wheelwright
Pitching: RHP Ian Park
Batting: RHB Ty Dec 0-0: Called Strike
0-1: Ball
1-1: Called Strike
1-2: Strikes out swinging
Batting: RHB Dulani Cherry 0-0: Called Strike
0-1: Foul Ball, location: 2F
0-2: Foul Ball, location: 2F
0-2: Foul Ball, location: 2F
0-2: Fly out, F8 (Flyball, 8RM, EV 93.8 MPH)
Batting: RHB Ezekiel Wolfson 0-0: Ball
1-0: Ball
2-0: Called Strike
2-1: Ball
3-1: Foul Ball, location: 2F
3-2: Fly out, F8 (Flyball, 89D, EV 106.2 MPH)
Bottom of the 6th over - 0 runs, 0 hits, 0 errors, 0 left on base; California 8 - Windy City 7
TOP OF THE 7TH
California Kodiaks batting - Pitching for Windy City Blues : RHP Keegan Davies
Batting: RHB Zack Simmons 0-0: Ball
1-0: Swinging Strike
1-1: Fly out, F8 (Flyball, 8LD, EV 100.6 MPH)
Batting: RHB Al Wagner 0-0: Called Strike
0-1: Foul Ball, location: 2F
0-2: Strikes out looking
Batting: RHB Caron Wilson 0-0: Ball
1-0: Called Strike
1-1: Called Strike
1-2: Ball
2-2: Ball
3-2: Strikes out swinging
Top of the 7th over - 0 runs, 0 hits, 0 errors, 0 left on base; California 8 - Windy City 7
BOTTOM OF THE 7TH
Windy City Blues batting - Pitching for California Kodiaks : RHP Ian Park
Batting: LHB Idris Wnuk 0-0: Foul Ball, location: 2F
0-1: Swinging Strike
0-2: Ball
1-2: Foul Ball, location: 2F
1-2: Strikes out swinging
Batting: SHB Steven Hall 0-0: Ball
1-0: Swinging Strike
1-1: Ball
2-1: Foul Ball, location: 2F
2-2: Foul Ball, location: 2F
2-2: Fly out, F7 (Flyball, 7LSF, EV 90.6 MPH)
Batting: RHB Conner Hawkins 0-0: Swinging Strike
0-1: Foul Ball, location: 2F
0-2: Strikes out swinging
Bottom of the 7th over - 0 runs, 0 hits, 0 errors, 0 left on base; California 8 - Windy City 7
TOP OF THE 8TH
California Kodiaks batting - Pitching for Windy City Blues : RHP Keegan Davies
Batting: RHB Hayden Cornett 0-0: Ball
1-0: Ball
2-0: Ball
3-0: Base on Balls
Batting: LHB Stephen Caskey 0-0: Ball
1-0: Ball
2-0: Sac Bunt to 2L - play at first, batter OUT! 2-3
Hayden Cornett to second
Batting: RHB Stan Sikes 0-0: Ball
1-0: Called Strike
1-1: Ball
2-1: Ball
3-1: 2-RUN HOME RUN (Flyball, 89XD, EV 101.9 MPH), Distance : 402 ft
Pitching: LHP Rashan Runako
Batting: RHB Spencer Stephens 0-0: Called Strike
0-1: SOLO HOME RUN (Flyball, 7D, EV 93.8 MPH), Distance : 360 ft
Batting: RHB Kelvin Young 0-0: Ball
1-0: Ball
2-0: Called Strike
2-1: Foul Ball, location: 2F
2-2: SINGLE (Line Drive, 89S, EV 87.5 MPH)
Batting: RHB Frank Memmi 0-0: Called Strike
0-1: Ball
1-1: Called Strike
1-2: Ball
2-2: 2-RUN HOME RUN (Flyball, 7D, EV 100.0 MPH), Distance : 372 ft
Batting: RHB Zack Simmons 0-0: Called Strike
0-1: Fly out, F8 (Flyball, 8RXD, EV 81.9 MPH)
Batting: RHB Al Wagner 0-0: Reached on error, E2 (Groundball, 15S, EV 63.1 MPH)
Batting: RHB Caron Wilson 0-0: Foul Ball, location: 2F
0-1: Ball
1-1: Ball
2-1: Foul Ball, location: 2F
2-2: Ground out 4-3 (Groundball, 4, EV 81.9 MPH)
Top of the 8th over - 5 runs, 4 hits, 1 error, 1 left on base; California 13 - Windy City 7
BOTTOM OF THE 8TH
Windy City Blues batting - Pitching for California Kodiaks : RHP Ian Park
Pitching: RHP Jonathon Berman
Batting: RHB Adrien Jimenez 0-0: Ball
1-0: Ball
2-0: Swinging Strike
2-1: Ball
3-1: Base on Balls
Batting: RHB K.J. Avery 0-0: Ball
1-0: Called Strike
1-1: SINGLE (Flyball, 9LS, EV 93.8 MPH)
Adrien Jimenez to second
Runner from 2nd tries for 3rd, OUT! 9-5
Batting: RHB Brad Castro 0-0: Fly out, F8 (Flyball, 8LS, EV 77.5 MPH)
Batting: RHB Ty Dec 0-0: Ball
1-0: DOUBLE (Line Drive, 5D, EV 94.4 MPH)
K.J. Avery to third
Runner from 3rd tries for Home, SAFE, throw by LF to trailing runner, SAFE at third!
Batting: RHB Dulani Cherry 0-0: SINGLE (Groundball, 56D, EV 107.5 MPH)
Ty Dec scores
Batting: RHB Ezekiel Wolfson 0-0: DOUBLE (Line Drive, 9LM, EV 104.4 MPH)
Dulani Cherry to third
Batting: LHB Idris Wnuk 0-0: Ball
1-0: Called Strike
1-1: Swinging Strike
1-2: Ground out 4-3 (Groundball, 4, EV 105.6 MPH)
Bottom of the 8th over - 2 runs, 4 hits, 0 errors, 2 left on base; California 13 - Windy City 9
TOP OF THE 9TH
California Kodiaks batting - Pitching for Windy City Blues : LHP Rashan Runako
Batting: RHB Hayden Cornett 0-0: Called Strike
0-1: Ball
1-1: SINGLE (Groundball, 56S, EV 68.8 MPH) (infield hit)
Batting: LHB Stephen Caskey 0-0: Sac Bunt to 13 - play at first, batter OUT! 1-3
Hayden Cornett to second
Batting: RHB Stan Sikes 0-0: Foul Ball, location: 2F
0-1: Ball
1-1: Fly out, F8 (Line Drive, 8LD, EV 84.4 MPH)
Batting: RHB Spencer Stephens 0-0: Ball
1-0: Foul Ball, location: 2F
1-1: Ball
2-1: Ball
3-1: Called Strike
3-2: Base on Balls
Batting: RHB Kelvin Young 0-0: Ball
1-0: Called Strike
1-1: Ball
2-1: Ground out 5-3 (Groundball, 56S, EV 87.5 MPH)
Top of the 9th over - 0 runs, 1 hit, 0 errors, 2 left on base; California 13 - Windy City 9
BOTTOM OF THE 9TH
Windy City Blues batting - Pitching for California Kodiaks : RHP Jonathon Berman
Batting: SHB Steven Hall 0-0: Ball
1-0: DOUBLE (Line Drive, 7LM, EV 107.5 MPH)
Batting: RHB Conner Hawkins 0-0: Ground out 5-3 (Groundball, 56, EV 87.5 MPH)
Batting: RHB Adrien Jimenez 0-0: Called Strike
0-1: Ball
1-1: Ball
2-1: Called Strike
2-2: Ball
3-2: Foul Ball, location: 2F
3-2: Strikes out looking
Pitching: LHP Payton Cooke
Batting: RHB K.J. Avery 0-0: Hit by Pitch
Batting: RHB Brad Castro 0-0: Ball
1-0: Ball
2-0: Ball
3-0: Called Strike
3-1: Foul Ball, location: 2F
3-2: Foul Ball, location: 2F
3-2: Foul Ball, location: 2F
3-2: Foul Ball, location: 2F
3-2: Fly out, F9 (Line Drive, 9, EV 96.9 MPH)
Bottom of the 9th over - 0 runs, 1 hit, 0 errors, 2 left on base; California 13 - Windy City 9
Wednesday, March 27th , 2024 - OOTP Baseball 23.10 Build 110